 Dungeon Crawl Stone Soup version 0.26-a0-852-g6321bf7485 (webtiles) character file.

Game seed: 14594997458006140222

151 marklar909 the Slinger (level 5, -1/36 HPs)
             Began as a Halfling Hunter on Nov 21, 2020.
             Slain by an orc
             ... wielding a +0 mace
              (3 damage)
             ... on level 3 of the Dungeon.
             The game lasted 00:02:39 (2028 turns).

marklar909 the Slinger (Halfling Hunter)            Turns: 2028, Time: 00:02:40

Health: -1/36      AC:  6    Str: 13    XL:     5   Next: 60%
Magic:  5/5        EV: 12    Int:  9    God:
Gold:   129        SH:  0    Dex: 16    Spells: 4/4 levels left

rFire    . . .     SeeInvis .   (weapon restricted)
rCold    . . .     Faith    .   (shield restricted)
rNeg     . . .     Spirit   .   p - +0 scale mail
rPois    .         Reflect  .   (no helmet)
rElec    .         Harm     .   (no cloak)
rCorr    .         Rampage  .   (no gloves)
MR       .....                  (no boots)
Stlth    ..........             (no amulet)
HPRegen  0.12/turn              (no ring)
MPRegen  0.09/turn              (no ring)

@: no status effects
A: small, mutation resistance 1
a: no special abilities


You were on level 3 of the Dungeon.
You visited 1 branch of the dungeon, and saw 3 of its levels.

You collected 129 gold pieces.

Inventory:

Hand Weapons
 a - a +1 hunting sling
Armour
 p - a +0 scale mail (worn)
Scrolls
 c - a scroll of immolation {unknown}
 e - a scroll of teleportation {unknown}
 i - a scroll of magic mapping {unknown}
 j - a scroll of fear {unknown}
 l - 2 scrolls of blinking
 m - a scroll of noise {unknown}
 q - a scroll of remove curse {unknown}
Potions
 b - a potion of berserk rage
 f - a potion of haste
 g - 2 potions of curing
 h - a potion of brilliance {unknown}
 n - a potion of mutation {unknown}
 o - a potion of flight {unknown}
 s - a potion of cancellation {unknown}


   Skills:
 + Level 3.0 Fighting
 + Level 8.1 Slings
 + Level 0.1 Armour
 + Level 2.6 Dodging
 + Level 1.1 Stealth


You had 4 spell levels left.
You didn't know any spells.
Your spell library was empty.

Dungeon Overview and Level Annotations

Branches:
Dungeon (3/15)

Altars:
Qazlal


Innate Abilities, Weirdness & Mutations

You are small and have problems with some larger weapons.
You are somewhat resistant to further mutation.


Message History

The orc wizard points at you and mumbles some strange words.
The magic dart hits you.
* * * LOW HITPOINT WARNING * * *
The orc hits you but does no damage.
Unknown command.
Okay, then.
You hit the orc.
The orc is heavily wounded.
The orc wizard hits you but does no damage.
You hit the orc but do no damage.
The orc is heavily wounded.
The orc closely misses you.
The orc wizard miscasts a cantrip.
You hit the orc but do no damage.
The orc is heavily wounded.
The orc hits you but does no damage. The orc wizard barely misses you.
You hit the orc but do no damage.
The orc is heavily wounded.
The orc hits you with a +0 mace.
You die...

##........######
#...##.........
#######..###### ...#
#...# ###.###.#.#
......#.#.# .##.#.#.#.###
......).....######
..###..........o@# ##.
....[...##...###o# .(.(
..###...##...###/# ....(
...............#(##......
...###+###......#(.(o...$
#### #.....#.##......
#......... .....
#..........####.
#######.#.##


You could see an orc wizard and an orc.

Vanquished Creatures
  An iguana (D:2)
  4 adders
  3 worms (D:2)
  3 dart slugs
  2 leopard geckos
  2 orcs (D:3)
  5 bats
  A giant cockroach (D:2)
  7 goblins
  10 hobgoblins
  3 jackals (D:3)
  3 kobolds
  2 quokkas
  5 frilled lizards
  7 rats
58 creatures vanquished.

Vanquished Creatures (others)
  An orc wizard (D:3)
1 creature vanquished.

Grand Total: 59 creatures vanquished

Notes
Turn   | Place    | Note
-------+----------+-------------------------------------------
     0 | D:1      | marklar909 the Halfling Hunter began the quest for the Orb.
     0 | D:1      | Reached XP level 1. HP: 14/14 MP: 1/1
    10 | D:1      | Reached skill level 6 in Slings
    64 | D:1      | Reached XP level 2. HP: 19/19 MP: 2/2
   642 | D:2      | Reached XP level 3. HP: 24/24 MP: 3/3
   770 | D:2      | Reached skill level 7 in Slings
   831 | D:2      | Reached XP level 4. HP: 29/29 MP: 4/4
   864 | D:2      | Found a stormy altar of Qazlal.
  1387 | D:2      | Reached XP level 5. HP: 36/36 MP: 5/5
  2018 | D:3      | Reached skill level 8 in Slings
  2024 | D:3      | HP: 1/36 [orc wizard/magic dart (2)]
  2028 | D:3      | Slain by an orc

Illustrated notes

Levels and vault maps discovered:
D:1:      dpeg_arrival_ternary, layout_loops_ring, chequers_mini_garden,
          serial_bayou_crossing
D:2:      minmay_evil_eye, layout_basic, overflow_temple_1_default,
          grunt_ministairs_1, minmay_misc_feat_doors
D:3:      layout_loops_ring, okawaru_altar_gauntlet_db, uniq_ijyb

Skill      XL: |  1  2  3  4  5 |
---------------+----------------+-----
Slings         | 6 7 8 |  8.1
Fighting       | 2 3 |  3.0
Armour         | |  0.1
Dodging        | |  2.6
Stealth        | |  1.1

Action                   |  1- 3 |  4- 6 || total
-------------------------+-------+-------++-------
Melee: Unarmed           |       |     9 ||     9
 Fire: Hunting sling     |    79 |   122 ||   201
Evoke: Wand              |       |     5 ||     5
  Use: Scroll            |       |     4 ||     4
Armor: Ring mail         |     2 |     1 ||     3
       Scale mail        |       |    20 ||    20
Dodge: Dodged            |     6 |    38 ||    44

Table legend: (Time is in decaauts)
 A = Elapsed time spent in this place.
 B = Non-inter-level travel time spent in this place.
 C = Inter-level travel time spent in this place.
 D = Time resting spent in this place.
 E = Time spent auto-exploring this place.
 F = Levels seen in this place.
 G = Mean time per level.
                   A        B        C        D        E       F      G
               +--------+--------+--------+--------+--------+-----+--------+
         Total |   2007 |   1866 |    141 |      0 |   1521 |   3 |  669.0 |
       Dungeon |   2007 |   1866 |    141 |      0 |   1521 |   3 |  669.0 |
               +--------+--------+--------+--------+--------+-----+--------+

Top non-repeatable levels by time:
     D:2: 1014 daAuts
     D:1: 645 daAuts
     D:3: 347 daAuts
